 Dungeon Crawl Stone Soup version 0.26.1-11-gd32895ea62 (webtiles) character file.

Game seed: 4318885267939232113

75 Kalagan26 the Digger (level 4, 0/26 HPs)
             Began as a Gargoyle Earth Elementalist on June 22, 2021.
             Killed by divine providence
             ... invoked by an orc priest
              (12 damage)
             ... on level 2 of the Dungeon.
             The game lasted 00:11:59 (2361 turns).

Kalagan26 the Digger (Gargoyle Earth Elementalist)  Turns: 2361, Time: 00:11:59

Health: 0/26       AC:  5    Str: 12    XL:     4   Next: 31%
Magic:  7/7        EV: 12    Int: 16    God:
Gold:   122        SH:  0    Dex: 10    Spells: 3/7 levels left

rFire    . . .     SeeInvis .   m - +2 dagger (elec)
rCold    . . .     Faith    .   (no shield)
rNeg     + . .     Spirit   .   c - +0 robe
rPois    ∞         Reflect  .   (no helmet)
rElec    +         Harm     .   (no cloak)
rCorr    .         Rampage  .   (no gloves)
Will     .....                  (no boots)
Stlth    ++........             (no amulet)
HPRegen  0.08/turn              (no ring)
MPRegen  0.10/turn              (no ring)

@: no status effects
A: negative energy resistance 1, electricity resistance, unbreathing,
petrification resistance, miasma immunity, AC +3
a: no special abilities


You were on level 2 of the Dungeon.
You visited 1 branch of the dungeon, and saw 2 of its levels.

You collected 122 gold pieces.

Inventory:

Hand Weapons
 j - a +0 dagger
 m - a +2 dagger of electrocution (weapon)
Missiles
 b - 2 datura-tipped darts
 n - 20 sling bullets
 o - 3 stones
Armour
 c - a +0 robe (worn)
 e - a +0 tower shield
Jewellery
 h - an uncursed ring of ice {unknown}
Scrolls
 a - 2 scrolls of identify
 d - 2 scrolls of teleportation
 f - a scroll of fog {unknown}
 g - 2 scrolls of enchant armour {unknown}
 l - a scroll of enchant weapon {unknown}
Potions
 i - a potion of lignification {unknown}
 k - a potion of mutation {unknown}


   Skills:
 * Level 1.8 Fighting
 - Level 1.5 Dodging
 - Level 2.1 Stealth
 + Level 2.1 Spellcasting
 - Level 0.7 Transmutations
 + Level 5.4 Earth Magic


You had 3 spell levels left.
You knew the following spells:

 Your Spells              Type           Power        Failure   Level
a - Sandblast             Erth           38%          2%          1
b - Stone Arrow           Conj/Erth      20%          21%         3

Your spell library contained the following spells:

 Spells                   Type           Power        Failure   Level
 Passwall                 Tmut/Erth      9%           9%          2
 Petrify                  Tmut/Erth      11%          50%         4
 Lee's Rapid Deconstruct  Erth           9%           52%         5


Dungeon Overview and Level Annotations

Branches:
Dungeon (2/15)

Altars:
Vehumet
The Shining One


Innate Abilities, Weirdness & Mutations

You are resistant to torment.
Your stone body is resilient. (AC +3)
You are immune to poison.
You resist negative energy. (rN+)
You are resistant to electric shocks. (rElec)
You can survive without breathing.
You are immune to petrification.
You are immune to miasma.


Message History

You feel strangely unstable.
The orc wizard looks encouraged for a moment.
The orc wizard hits you but does no damage.
The orc wizard gestures at you while chanting.
The magic dart hits you.
* * * LOW HITPOINT WARNING * * *
Your surroundings suddenly seem different.
You start resting.
An orc wizard is nearby!
As you read the scroll of teleportation, it crumbles to dust.
You feel strangely unstable.
Your surroundings suddenly seem different.
You start resting.
An orc is nearby!
The orc shouts!
You hear a shout!
An orc is nearby!
The orc throws a stone.
The stone hits you.
The orc priest calls down the wrath of Beogh upon you.
Beogh smites you!
You die...

#.................
#.......o........#
#....#............
####.#.o........##
#.o............
###..............
#...#.....)......
##.###............
#@.# ########.....
#### #..... #.....
#..... #.....
######


You could see an orc priest and 2 orcs.

Vanquished Creatures
  3 adders (D:2)
  An ooze (D:1)
  2 dart slugs
  A worm (D:2)
  2 leopard geckos (D:2)
  3 bats (D:2)
  2 giant cockroaches (D:2)
  6 goblins
  7 hobgoblins
  2 quokkas (D:2)
  2 frilled lizards (D:2)
  2 kobolds
  2 rats (D:2)
35 creatures vanquished.

Vanquished Creatures (others)
  A goblin (D:2)
1 creature vanquished.

Grand Total: 36 creatures vanquished

Notes
Turn   | Place    | Note
-------+----------+-------------------------------------------
     0 | D:1      | Kalagan26 the Gargoyle Earth Elementalist began the quest
                  | for the Orb.
     0 | D:1      | Reached XP level 1. HP: 10/10 MP: 3/3
   402 | D:1      | Reached skill level 4 in Earth Magic
   523 | D:1      | Reached XP level 2. HP: 16/16 MP: 3/5
   695 | D:1      | Reached skill level 1 in Fighting
  1288 | D:2      | Found a glowing golden altar of the Shining One.
  1290 | D:2      | Reached XP level 3. HP: 20/20 MP: 4/6
  1461 | D:2      | Reached skill level 5 in Earth Magic
  1687 | D:2      | Reached XP level 4. HP: 26/26 MP: 7/7
  1792 | D:2      | Learned a level 3 spell: Stone Arrow
  1805 | D:2      | Found a radiant altar of Vehumet.
  2361 | D:2      | Killed from afar by an orc priest

Illustrated notes

Levels and vault maps discovered:
D:1:      lemuel_arrival_hallway, layout_basic, chequers_serial_rivers_micro_a
D:2:      layout_rooms, overflow_temple_1_default, fiery_altar_vehumet,
          minmay_octomino_j4

Skill      XL: |  1  2  3 |
---------------+----------+-----
Earth Magic    | 4 5 |  5.4
Fighting       | 1 |  1.8
Dodging        | |  1.5
Stealth        | |  2.1
Spellcasting   | |  2.1
Transmutations | |  0.7

Action                   |  1- 3 |  4- 6 || total
-------------------------+-------+-------++-------
Melee: Unarmed           |     5 |       ||     5
       Dagger            |    13 |    20 ||    33
 Cast: Sandblast         |    37 |     1 ||    38
  Use: Scroll            |       |     3 ||     3
 Stab: Sleeping          |     1 |       ||     1
Armor: Robe              |     7 |    14 ||    21
Dodge: Dodged            |    27 |    21 ||    48
